General information
- name: BNet
- type: Ladder team game (AT/RT)
- host: Battle.net
- saver: RAVEN_LOVER
map: Highperch
- players: 6
- length: 75:18
- speed: Fast
- version: 1.23 W3XP
- replay type: Public
» download(379 KB)
Players
team 1 (loser)

»
crossea (
orange | 53 APM | 3955 actions | 75:17)
4 Dreadlord
2 Sleep
2 Vampiric Aura
4 Death Knight
2 Death Coil
2 Unholy Aura
» actions
| Assign group hotkey | 47 | |
| Basic commands | 532 | |
| Build / train | 73 | |
| ESC pressed | 8 | |
| Enter build submenu | 21 | |
| Enter hero's abilities submenu | 9 | |
| Give item / drop item | 2 | |
| Right click | 1740 | |
| Select / deselect | 582 | |
| Select group hotkey | 786 | |
| Use ability | 155 | |
3955 total
» units
| Acolyte | 17 | |
| Ghoul | 10 | |
| Frost Wyrm | 12 | |
| Obsidian Statue | 1 | |
40 total
» upgrades
| Creature Carapace | 3 | |
| Freezing Breath | 1 | |
| Creature Attack | 3 | |
7 total
» buildings
| Crypt | 1 | |
| Altar of Darkness | 1 | |
| Ziggurat | 11 | |
| Tomb of Relics | 1 | |
| Nerubian Tower | 2 | |
| Halls of the Dead | 1 | |
| Graveyard | 1 | |
| Black Citadel | 1 | |
| Sacrificial Pit | 1 | |
| Spirit Tower | 5 | |
| Boneyard | 2 | |
| Necropolis | 1 | |
| Slaughterhouse | 1 | |
29 total
» build order
00:07 Crypt
00:17 Altar of Darkness
00:38 Ziggurat
00:54 Tomb of Relics
01:46 Ziggurat
02:07 Nerubian Tower
03:38 Halls of the Dead
04:19 Graveyard
05:08 Ziggurat
06:07 Black Citadel
06:19 Sacrificial Pit
07:04 Ziggurat
07:31 Spirit Tower
07:33 Spirit Tower
08:40 Boneyard
09:08 Necropolis
09:45 Boneyard
12:16 Ziggurat
12:17 Ziggurat
12:18 Ziggurat
13:16 Spirit Tower
13:18 Nerubian Tower
13:22 Spirit Tower
17:07 Ziggurat
18:49 Ziggurat
18:53 Ziggurat
18:58 Ziggurat
19:54 Spirit Tower
24:40 Slaughterhouse
» items
| Rod of Necromancy | 1 | |
| Dust of Appearance | 2 | |
| Scroll of Protection | 1 | |
| Potion of Lesser Invulnerability | 1 | |
| Scroll of Healing | 1 | |
| Orb of Corruption | 1 | |
7 total
EDsky (
blue | 64 APM | 4813 actions | 75:17)
5 Death Knight
3 Death Coil
2 Unholy Aura
4 Lich
2 Frost Nova
2 Dark Ritual
» actions
| Assign group hotkey | 47 | |
| Basic commands | 429 | |
| Build / train | 105 | |
| ESC pressed | 1 | |
| Enter build submenu | 38 | |
| Enter hero's abilities submenu | 10 | |
| Give item / drop item | 2 | |
| Right click | 1815 | |
| Select / deselect | 511 | |
| Select group hotkey | 1679 | |
| Use ability | 176 | |
4813 total
» units
| Acolyte | 34 | |
| Ghoul | 10 | |
| Crypt Fiend | 3 | |
| Obsidian Statue | 2 | |
| Frost Wyrm | 8 | |
| Meatwagon | 5 | |
62 total
» upgrades
| Backpack | 1 | |
| Destroyer Form | 1 | |
| Creature Carapace | 3 | |
| Creature Attack | 3 | |
| Freezing Breath | 1 | |
| Web | 1 | |
| Disease Cloud | 1 | |
11 total
» buildings
| Crypt | 2 | |
| Altar of Darkness | 1 | |
| Ziggurat | 18 | |
| Tomb of Relics | 1 | |
| Nerubian Tower | 10 | |
| Graveyard | 1 | |
| Halls of the Dead | 1 | |
| Black Citadel | 1 | |
| Sacrificial Pit | 1 | |
| Slaughterhouse | 1 | |
| Boneyard | 1 | |
| Necropolis | 3 | |
| Spirit Tower | 5 | |
46 total
» build order
00:12 Crypt
00:16 Altar of Darkness
00:38 Ziggurat
00:55 Tomb of Relics
01:38 Ziggurat
02:05 Nerubian Tower
03:14 Graveyard
04:04 Halls of the Dead
04:23 Ziggurat
05:22 Nerubian Tower
05:27 Ziggurat
06:19 Crypt
06:46 Black Citadel
07:00 Sacrificial Pit
07:31 Slaughterhouse
09:52 Boneyard
11:02 Necropolis
11:17 Ziggurat
13:14 Ziggurat
15:28 Ziggurat
15:31 Spirit Tower
15:54 Ziggurat
16:22 Ziggurat
16:25 Nerubian Tower
16:52 Ziggurat
17:38 Spirit Tower
18:35 Nerubian Tower
18:58 Spirit Tower
19:13 Ziggurat
20:39 Ziggurat
20:43 Nerubian Tower
21:49 Spirit Tower
25:52 Ziggurat
26:26 Ziggurat
27:03 Ziggurat
28:00 Spirit Tower
28:02 Nerubian Tower
28:07 Ziggurat
28:30 Ziggurat
28:51 Nerubian Tower
29:22 Nerubian Tower
29:32 Nerubian Tower
31:25 Ziggurat
33:05 Nerubian Tower
45:21 Necropolis
53:14 Necropolis
» items
| Rod of Necromancy | 1 | |
| Dust of Appearance | 1 | |
| Orb of Corruption | 1 | |
| Potion of Lesser Invulnerability | 1 | |
4 total

»
GK_ed (
yellow | 42 APM | 3127 actions | 75:17)
5 Tauren Chieftain
3 Shockwave
2 Endurance Aura
» actions
| Assign group hotkey | 77 | |
| Basic commands | 101 | |
| Build / train | 93 | |
| Enter build submenu | 26 | |
| Enter hero's abilities submenu | 5 | |
| Give item / drop item | 2 | |
| Remove unit from queue | 6 | |
| Right click | 1839 | |
| Select / deselect | 423 | |
| Select group hotkey | 468 | |
| Use ability | 87 | |
3127 total
» units
| Peon | 10 | |
| Grunt | 4 | |
| Wind Rider | 8 | |
| Troll Batrider | 17 | |
| Shaman | 10 | |
| Tauren | 11 | |
60 total
» upgrades
| Ranged Weapons | 3 | |
| Envenomed Spears | 1 | |
| Liquid Fire | 1 | |
| Reinforced Defenses | 1 | |
| Armor | 3 | |
| Shaman Training | 2 | |
| Pulverize | 1 | |
12 total
» buildings
| Altar of Storms | 1 | |
| Orc Burrow | 8 | |
| Barracks | 1 | |
| Voodoo Lounge | 1 | |
| Stronghold | 1 | |
| War Mill | 1 | |
| Fortress | 1 | |
| Beastiary | 2 | |
| Watch Tower | 2 | |
| Spirit Lodge | 2 | |
| Tauren Totem | 1 | |
21 total
» build order
00:16 Altar of Storms
00:25 Orc Burrow
01:12 Barracks
01:29 Orc Burrow
01:46 Voodoo Lounge
03:50 Stronghold
03:55 War Mill
05:04 Orc Burrow
06:18 Fortress
06:24 Beastiary
06:30 Beastiary
07:14 Watch Tower
07:22 Watch Tower
08:13 Orc Burrow
12:02 Orc Burrow
12:08 Orc Burrow
16:34 Spirit Lodge
16:43 Spirit Lodge
18:50 Tauren Totem
31:55 Orc Burrow
36:57 Orc Burrow
» items
| Healing Salve | 1 | |
| Lesser Clarity Potion | 1 | |
| Scroll of Speed | 1 | |
| Orb of Lightning | 1 | |
4 total
team 2 (winner)
CEClL (
green | 50 APM | 3793 actions | 75:17)
9 Warden
3 Fan of Knives
3 Blink
2 Shadow Strike
1 Spirit of Vengeance
» actions
| Assign group hotkey | 5 | |
| Basic commands | 140 | |
| Build / train | 103 | |
| ESC pressed | 3 | |
| Enter build submenu | 35 | |
| Enter hero's abilities submenu | 9 | |
| Give item / drop item | 7 | |
| Remove unit from queue | 3 | |
| Right click | 2174 | |
| Select / deselect | 466 | |
| Select group hotkey | 103 | |
| Use ability | 745 | |
3793 total
» units
| Wisp | 38 | |
| Hippogryph | 1 | |
| Druid of the Talon | 1 | |
| Centaur Outrunner | 3 | |
| Harpy Rogue | 2 | |
| Harpy Windwitch | 3 | |
| Razormane Medicine Man | 6 | |
54 total
» upgrades
| Ultravision | 1 | |
| Druid of the Talon Training | 2 | |
| Well Spring | 1 | |
| Nature's Blessing | 1 | |
5 total
» buildings
| Moon Well | 18 | |
| Altar of Elders | 2 | |
| Tree of Ages | 4 | |
| Tree of Life | 2 | |
| Hunter's Hall | 1 | |
| Tree of Eternity | 3 | |
| Ancient of Wind | 1 | |
| Ancient Protector | 3 | |
| Arcane Tower | 3 | |
37 total
» build order
00:42 Moon Well
00:53 Altar of Elders
01:08 Moon Well
01:35 Moon Well
02:30 Moon Well
02:58 Moon Well
03:25 Moon Well
03:58 Moon Well
04:35 Moon Well
04:55 Moon Well
05:07 Moon Well
06:10 Tree of Ages
06:11 Tree of Ages
06:11 Tree of Ages
06:20 Moon Well
06:28 Moon Well
06:58 Tree of Life
07:04 Moon Well
07:12 Moon Well
07:34 Hunter's Hall
08:04 Tree of Life
08:53 Moon Well
09:13 Tree of Eternity
09:13 Tree of Eternity
09:13 Tree of Eternity
09:18 Ancient of Wind
10:50 Ancient Protector
10:59 Ancient Protector
12:22 Ancient Protector
39:13 Altar of Elders
40:18 Moon Well
43:43 Arcane Tower
43:44 Arcane Tower
43:44 Arcane Tower
45:45 Moon Well
45:47 Moon Well
» items
| Boots of Speed | 1 | |
| Staff of Teleportation | 1 | |
| Potion of Healing | 1 | |
| Lesser Clarity Potion | 1 | |
| Orb of Lightning | 1 | |
| Scroll of Town Portal | 3 | |
| Tiny Great Hall | 1 | |
| Mechanical Critter | 2 | |
| Scroll of Speed | 1 | |
| Ivory Tower | 1 | |
| Dust of Appearance | 1 | |
| Scroll of Protection | 1 | |
| Scroll of Healing | 2 | |
17 total
HereThereEveryw (
pink | 64 APM | 4794 actions | 75:17)
9 Blademaster
3 Wind Walk
3 Critical Strike
1 Bladestorm
2 Mirror Image
» actions
| Assign group hotkey | 25 | |
| Basic commands | 25 | |
| Build / train | 66 | |
| ESC pressed | 1 | |
| Enter build submenu | 85 | |
| Enter hero's abilities submenu | 9 | |
| Give item / drop item | 4 | |
| Right click | 2289 | |
| Select / deselect | 354 | |
| Select group hotkey | 1546 | |
| Use ability | 390 | |
4794 total
» units
» upgrades
| Spiked Barricades | 3 | |
| Reinforced Defenses | 1 | |
| Liquid Fire | 1 | |
5 total
» buildings
| Altar of Storms | 2 | |
| Orc Burrow | 7 | |
| War Mill | 1 | |
| Watch Tower | 73 | |
| Stronghold | 4 | |
| Voodoo Lounge | 3 | |
| Fortress | 1 | |
| Beastiary | 3 | |
94 total
» build order
00:08 Altar of Storms
00:20 Orc Burrow
00:51 War Mill
01:40 Orc Burrow
02:04 Watch Tower
02:20 Watch Tower
02:38 Watch Tower
03:00 Watch Tower
03:18 Watch Tower
03:22 Watch Tower
03:42 Watch Tower
03:44 Watch Tower
04:05 Watch Tower
04:27 Watch Tower
04:48 Watch Tower
04:49 Watch Tower
05:01 Stronghold
05:01 Stronghold
05:01 Stronghold
05:47 Watch Tower
05:48 Watch Tower
05:52 Watch Tower
05:56 Watch Tower
05:59 Voodoo Lounge
06:08 Watch Tower
06:51 Watch Tower
06:56 Watch Tower
07:04 Watch Tower
07:06 Watch Tower
07:24 Watch Tower
07:50 Watch Tower
08:10 Watch Tower
08:14 Watch Tower
09:16 Watch Tower
09:17 Watch Tower
09:22 Watch Tower
09:25 Watch Tower
09:51 Watch Tower
09:54 Fortress
10:38 Watch Tower
10:52 Beastiary
10:59 Beastiary
11:34 Orc Burrow
11:35 Orc Burrow
11:38 Voodoo Lounge
11:55 Voodoo Lounge
12:16 Beastiary
12:21 Orc Burrow
15:00 Watch Tower
15:02 Watch Tower
25:33 Watch Tower
29:15 Watch Tower
29:16 Watch Tower
29:19 Watch Tower
29:20 Watch Tower
29:23 Watch Tower
29:26 Watch Tower
29:34 Watch Tower
29:36 Watch Tower
29:37 Watch Tower
29:40 Watch Tower
29:41 Watch Tower
29:43 Watch Tower
29:45 Watch Tower
29:46 Watch Tower
29:47 Watch Tower
29:49 Watch Tower
31:46 Watch Tower
31:48 Watch Tower
31:50 Watch Tower
31:55 Watch Tower
31:57 Watch Tower
32:00 Watch Tower
32:36 Watch Tower
33:33 Watch Tower
33:37 Watch Tower
33:41 Watch Tower
33:44 Watch Tower
35:32 Watch Tower
35:35 Watch Tower
36:31 Watch Tower
36:35 Watch Tower
36:53 Altar of Storms
37:09 Orc Burrow
37:38 Watch Tower
38:20 Watch Tower
39:10 Watch Tower
39:14 Watch Tower
40:07 Watch Tower
40:19 Watch Tower
41:20 Watch Tower
41:24 Watch Tower
41:55 Orc Burrow
» items
| Healing Salve | 4 | |
| Staff of Teleportation | 1 | |
| Orb of Lightning | 1 | |
| Lesser Clarity Potion | 4 | |
| Potion of Lesser Invulnerability | 1 | |
| Scroll of Town Portal | 4 | |
15 total
RAVEN_LOVER (
purple | 28 APM | 2145 actions | 75:18)
7 Goblin Alchemist
3 Chemical Rage
3 Acid Bomb
1 Transmute
» actions
| Assign group hotkey | 31 | |
| Basic commands | 50 | |
| Build / train | 158 | |
| Enter build submenu | 94 | |
| Enter hero's abilities submenu | 7 | |
| Give item / drop item | 4 | |
| Remove unit from queue | 2 | |
| Right click | 697 | |
| Select / deselect | 579 | |
| Select group hotkey | 245 | |
| Use ability | 278 | |
2145 total
» units
| Peasant | 13 | |
| Dragonhawk Rider | 18 | |
31 total
» upgrades
| Masonry | 3 | |
| Magic Sentry | 1 | |
| Armor | 3 | |
| Animal War Training | 1 | |
| Swords | 3 | |
11 total
» buildings
| Lumber Mill | 2 | |
| Scout Tower | 156 | |
| Guard Tower | 71 | |
| Farm | 16 | |
| Altar of Kings | 1 | |
| Keep | 2 | |
| Arcane Sanctum | 1 | |
| Arcane Vault | 2 | |
| Arcane Tower | 16 | |
| Castle | 4 | |
| Gryphon Aviary | 2 | |
| Blacksmith | 2 | |
| Barracks | 1 | |
276 total
» build order
00:07 Lumber Mill
01:03 Scout Tower
01:04 Scout Tower
01:10 Scout Tower
01:11 Scout Tower
01:34 Guard Tower
01:40 Scout Tower
01:41 Scout Tower
02:03 Guard Tower
02:15 Scout Tower
02:16 Scout Tower
02:28 Guard Tower
02:29 Guard Tower
02:38 Farm
02:52 Altar of Kings
02:57 Guard Tower
03:05 Guard Tower
03:11 Scout Tower
03:12 Scout Tower
03:14 Scout Tower
03:14 Scout Tower
03:27 Farm
03:55 Guard Tower
03:55 Guard Tower
04:17 Scout Tower
04:20 Scout Tower
04:27 Guard Tower
04:50 Guard Tower
04:58 Guard Tower
05:01 Scout Tower
05:02 Scout Tower
05:03 Scout Tower
05:04 Scout Tower
05:43 Guard Tower
05:43 Guard Tower
05:47 Scout Tower
05:48 Scout Tower
05:49 Scout Tower
05:50 Scout Tower
05:51 Scout Tower
05:52 Scout Tower
05:54 Scout Tower
05:54 Scout Tower
06:13 Guard Tower
06:13 Guard Tower
06:38 Guard Tower
06:54 Guard Tower
07:05 Keep
07:25 Guard Tower
07:55 Guard Tower
07:55 Guard Tower
08:01 Scout Tower
08:02 Scout Tower
08:03 Scout Tower
08:04 Scout Tower
08:05 Scout Tower
08:06 Scout Tower
08:06 Scout Tower
08:07 Scout Tower
08:55 Farm
08:57 Farm
09:00 Farm
09:01 Farm
09:02 Farm
09:02 Farm
09:17 Guard Tower
09:17 Guard Tower
09:40 Arcane Sanctum
09:46 Scout Tower
09:47 Scout Tower
09:48 Scout Tower
09:50 Scout Tower
09:59 Scout Tower
10:00 Scout Tower
10:11 Guard Tower
10:20 Arcane Vault
10:38 Arcane Vault
10:50 Arcane Tower
10:58 Arcane Tower
10:58 Arcane Tower
11:50 Castle
11:51 Castle
11:51 Castle
11:51 Castle
12:03 Scout Tower
12:04 Scout Tower
12:07 Scout Tower
12:09 Scout Tower
12:21 Scout Tower
12:22 Scout Tower
12:23 Scout Tower
12:24 Scout Tower
12:40 Gryphon Aviary
12:42 Gryphon Aviary
13:10 Guard Tower
13:11 Guard Tower
13:18 Scout Tower
13:19 Scout Tower
13:20 Scout Tower
13:25 Guard Tower
13:25 Guard Tower
13:47 Guard Tower
13:47 Guard Tower
14:35 Guard Tower
14:38 Scout Tower
14:39 Scout Tower
14:45 Scout Tower
14:47 Scout Tower
14:48 Scout Tower
14:56 Guard Tower
15:06 Blacksmith
15:09 Blacksmith
15:14 Guard Tower
15:15 Guard Tower
15:32 Barracks
16:03 Guard Tower
16:33 Guard Tower
16:33 Guard Tower
17:33 Scout Tower
17:36 Scout Tower
18:11 Farm
18:12 Farm
18:13 Farm
18:15 Farm
18:17 Farm
18:43 Guard Tower
18:43 Guard Tower
23:40 Farm
23:42 Farm
23:44 Farm
27:35 Scout Tower
27:37 Scout Tower
27:38 Scout Tower
29:28 Lumber Mill
29:39 Scout Tower
29:41 Scout Tower
29:42 Scout Tower
29:44 Scout Tower
29:45 Scout Tower
29:46 Scout Tower
29:47 Scout Tower
29:48 Scout Tower
29:49 Scout Tower
30:19 Guard Tower
30:21 Scout Tower
30:22 Scout Tower
30:36 Scout Tower
30:38 Scout Tower
30:39 Scout Tower
30:41 Scout Tower
30:44 Scout Tower
30:49 Guard Tower
30:59 Scout Tower
31:00 Scout Tower
31:02 Scout Tower
31:02 Scout Tower
31:04 Scout Tower
31:05 Scout Tower
31:06 Scout Tower
31:07 Scout Tower
31:08 Scout Tower
31:09 Scout Tower
31:11 Scout Tower
31:12 Scout Tower
31:13 Scout Tower
31:14 Scout Tower
31:18 Scout Tower
31:19 Scout Tower
31:20 Scout Tower
31:22 Scout Tower
31:23 Scout Tower
31:24 Scout Tower
31:27 Scout Tower
31:29 Scout Tower
31:30 Scout Tower
31:31 Scout Tower
31:32 Scout Tower
31:33 Scout Tower
31:37 Guard Tower
31:58 Scout Tower
32:00 Scout Tower
32:01 Scout Tower
32:03 Scout Tower
32:06 Scout Tower
32:07 Scout Tower
32:10 Scout Tower
32:11 Scout Tower
32:23 Guard Tower
32:31 Guard Tower
32:58 Guard Tower
33:00 Guard Tower
33:00 Guard Tower
33:03 Guard Tower
33:11 Guard Tower
33:55 Guard Tower
34:12 Scout Tower
34:17 Scout Tower
34:20 Scout Tower
34:22 Scout Tower
34:24 Scout Tower
34:25 Scout Tower
34:28 Scout Tower
34:29 Scout Tower
34:31 Guard Tower
34:32 Guard Tower
34:35 Scout Tower
34:38 Guard Tower
34:42 Scout Tower
34:43 Scout Tower
34:44 Scout Tower
34:58 Scout Tower
35:01 Scout Tower
35:02 Scout Tower
35:04 Scout Tower
35:06 Scout Tower
35:08 Scout Tower
35:09 Scout Tower
35:10 Scout Tower
35:12 Scout Tower
35:14 Scout Tower
35:16 Scout Tower
35:44 Guard Tower
36:41 Guard Tower
36:47 Scout Tower
36:48 Scout Tower
36:49 Scout Tower
36:52 Scout Tower
36:53 Scout Tower
36:56 Scout Tower
37:01 Scout Tower
37:02 Scout Tower
37:04 Scout Tower
37:04 Scout Tower
37:06 Scout Tower
37:07 Scout Tower
38:08 Guard Tower
38:16 Scout Tower
38:16 Scout Tower
38:42 Guard Tower
38:59 Guard Tower
39:11 Guard Tower
39:11 Guard Tower
39:37 Guard Tower
39:38 Guard Tower
39:49 Scout Tower
39:51 Scout Tower
39:53 Scout Tower
39:54 Scout Tower
39:55 Scout Tower
40:00 Guard Tower
40:29 Guard Tower
40:29 Guard Tower
40:52 Arcane Tower
41:10 Scout Tower
41:10 Scout Tower
41:37 Arcane Tower
41:37 Arcane Tower
41:42 Arcane Tower
41:42 Arcane Tower
41:42 Arcane Tower
41:45 Arcane Tower
42:10 Arcane Tower
42:15 Scout Tower
42:26 Arcane Tower
42:26 Arcane Tower
42:43 Arcane Tower
» items
| Boots of Speed | 1 | |
| Staff of Teleportation | 1 | |
| Orb of Lightning | 1 | |
| Scroll of Town Portal | 2 | |
| Mechanical Critter | 4 | |
9 total
Chat log
(00:16 / Allies) RAVEN_LOVER: send now josh
(00:18 / Allies) HereThereEveryw: u take left
(00:20 / Allies) RAVEN_LOVER: i am
(00:28 / Allies) HereThereEveryw: why now
(00:30 / Allies) HereThereEveryw: i need a mill
(00:41 / Allies) RAVEN_LOVER: its a pretty big disatance
(00:51 / Allies) RAVEN_LOVER: keith love focus on wood is you can
(00:59 / Allies) CEClL: yes kittyical
(01:27 / All) RAVEN_LOVER: welcome to hell...............
(01:37 / All) crossea: POWA!!!
(02:01 / Allies) RAVEN_LOVER: wood please
(02:33 / All) CEClL: yo im da fucking man
(02:35 / Allies) RAVEN_LOVER: gold plz
(02:43 / Allies) RAVEN_LOVER: ty
(03:37 / Allies) RAVEN_LOVER: told you josh
(03:51 / Allies) HereThereEveryw: cause that nigger gave u all the wood bitch
(04:03 / Allies) CEClL: she asked. -.-
(04:17 / All) HereThereEveryw: bout to pull a houdini with ya ghouls
(04:23 / All) HereThereEveryw: now ya see em now ya dont
(04:50 / Allies) RAVEN_LOVER: ty
(05:00 / Allies) CEClL: ynw
(05:07 / Allies) RAVEN_LOVER: ?:(
(05:15 / Allies) CEClL: you nice woman
(05:21 / Allies) CEClL: thats what it stood for
(05:22 / Allies) RAVEN_LOVER: :D
(05:34 / Allies) RAVEN_LOVER: ty
(05:59 / Allies) RAVEN_LOVER: also
(06:02 / Allies) RAVEN_LOVER: i smell hackers
(06:23 / Allies) HereThereEveryw: some hu towers
(06:28 / Allies) RAVEN_LOVER: they coming
(07:47 / Allies) RAVEN_LOVER: give alchy gauntlets
(07:51 / Allies) RAVEN_LOVER: slippers
(08:09 / Allies) RAVEN_LOVER: josh share
(08:17 / Allies) HereThereEveryw: why
(08:23 / Allies) RAVEN_LOVER: all come
(08:23 / Allies) CEClL: omw
(08:30 / Allies) RAVEN_LOVER: so peons move and we can use your bats later
(08:42 / Allies) RAVEN_LOVER: same reason you share in 2s and any gametype
(09:05 / Allies) RAVEN_LOVER: ty
(09:23 / Allies) RAVEN_LOVER: this is going smoothly
(11:27 / Allies) RAVEN_LOVER: orc shop plz
(12:27 / Allies) CEClL: tower or 2
(12:28 / Allies) CEClL: at mains
(12:29 / Allies) CEClL: ;p
(13:36 / Allies) CEClL: more towers?
(13:56 / Allies) RAVEN_LOVER: 4 + hawks will be enough
(14:31 / All) RAVEN_LOVER: bring more plz
(15:36 / Allies) CEClL: tons of wyrms
(15:37 / Allies) CEClL: they'll easily
(15:39 / Allies) CEClL: take right side
(15:40 / Allies) CEClL: i think
(15:44 / Allies) RAVEN_LOVER: nah
(16:16 / Allies) RAVEN_LOVER: ty
(18:55 / Allies) RAVEN_LOVER: lol
(18:56 / Allies) RAVEN_LOVER: ty
(18:57 / Allies) RAVEN_LOVER: <3
(19:02 / Allies) CEClL: :D
(19:40 / Allies) RAVEN_LOVER: mains low
(19:44 / Allies) CEClL: either side is ready
(19:58 / Allies) RAVEN_LOVER: we'll decide when they make their move
(20:03 / Allies) CEClL: hrm
(20:03 / Allies) CEClL: k
(20:46 / Allies) RAVEN_LOVER: everyone prioritze lightning orb for purge on air
(21:10 / All) RAVEN_LOVER: you got two!
(21:11 / All) RAVEN_LOVER: nie
(21:20 / All) RAVEN_LOVER: nice**
(21:22 / All) RAVEN_LOVER: :D
(21:44 / Allies) RAVEN_LOVER: level 6 warden
(21:46 / Allies) RAVEN_LOVER: gfg
(21:52 / Allies) CEClL: im da m an
(21:56 / Allies) RAVEN_LOVER: u da man
(22:01 / Allies) CEClL: yeah
(22:13 / Allies) RAVEN_LOVER: mains dry
(22:19 / Allies) RAVEN_LOVER: gold me a lot before i break upkeep
(22:39 / Allies) RAVEN_LOVER: lawl ty love
(22:45 / Allies) CEClL: :D
(22:51 / Allies) CEClL: which side
(22:53 / Allies) CEClL: you want me to hall up
(23:04 / Allies) RAVEN_LOVER: left but wait a little
(23:12 / Allies) RAVEN_LOVER: need more hawks so we're safe
(23:31 / Allies) CEClL: saithis will keep you safe
(26:07 / Allies) RAVEN_LOVER: k im ready to perch
(26:13 / Allies) HereThereEveryw: wow
(26:14 / Allies) HereThereEveryw: lawl
(26:16 / Allies) CEClL: damn
(26:16 / Allies) HereThereEveryw: good timing
(26:18 / Allies) CEClL: lol
(26:19 / Allies) CEClL: ye
(27:10 / Allies) RAVEN_LOVER: xd
(27:11 / Allies) RAVEN_LOVER: ty
(28:00 / Allies) CEClL: get rteady to tp up
(28:12 / Allies) RAVEN_LOVER: rdy
(31:45 / All) RAVEN_LOVER: do you tihnk you can win?
(32:14 / All) RAVEN_LOVER: well you cant
(32:16 / All) RAVEN_LOVER: leavwe
(32:19 / All) RAVEN_LOVER: leave
(32:54 / Allies) RAVEN_LOVER: pigs
(33:47 / Allies) RAVEN_LOVER: what the fuck
(33:54 / Allies) CEClL: ?
(34:03 / Allies) RAVEN_LOVER: josh trying to kill me
(34:08 / Allies) CEClL: tt
(34:46 / Allies) RAVEN_LOVER: rofl
(35:19 / Allies) HereThereEveryw: 1 volley
(35:20 / Allies) HereThereEveryw: lawl
(35:36 / Allies) CEClL: 7k left
(35:39 / Allies) CEClL: in reserves
(37:44 / All) CEClL: Shit
(37:45 / All) CEClL: gg
(37:49 / All) CEClL: `-`
(37:57 / All) crossea: ^^
(38:33 / All) RAVEN_LOVER: NICE ONE BLUE
(38:35 / All) RAVEN_LOVER: FUCKING NOOB
(40:09 / All) RAVEN_LOVER: HEY NOOBS DO YOU LIKE THIS MAP?
(40:22 / All) HereThereEveryw: QUIET NOOBS
(40:36 / All) RAVEN_LOVER: SCARED TO TALK KNOW THEY LOSE
(40:43 / Allies) HereThereEveryw: jill make sure u got mana towers
(40:44 / Allies) HereThereEveryw: up there
(41:24 / Allies) RAVEN_LOVER: pigs in all 4 corners
(41:30 / Allies) CEClL: ^_^
(41:49 / All) RAVEN_LOVER: WHY ARE YOU STILL HERE?
(41:51 / All) RAVEN_LOVER: YOU LOSE
(43:29 / Allies) RAVEN_LOVER: upgrade it
(43:32 / Allies) CEClL: cant
(43:35 / Allies) CEClL: need liumer milllol
(43:39 / Allies) CEClL: i cant..
(43:40 / Allies) RAVEN_LOVER: to arcane
(43:44 / Allies) RAVEN_LOVER: ARCANE
(43:46 / Allies) CEClL: ah yeah
(43:48 / Allies) CEClL: I CAN
(43:52 / Allies) RAVEN_LOVER: YEAH
(43:57 / Allies) CEClL: YEA
(44:41 / All) RAVEN_LOVER: k you lose
(44:42 / All) RAVEN_LOVER: leave
(45:37 / All) RAVEN_LOVER: leave please
(45:38 / All) RAVEN_LOVER: you lose
(46:00 / Allies) CEClL: jill
(46:02 / Allies) CEClL: get an altar
(46:03 / Allies) CEClL: up top
(46:12 / Allies) RAVEN_LOVER: no $ and im 100/100
(46:27 / Allies) RAVEN_LOVER: beasteries
(48:10 / Allies) RAVEN_LOVER: i need to walk the dog really quick 5 mins
(48:12 / Allies) CEClL: i wanted to mess with the pretty cloud
(48:13 / Allies) RAVEN_LOVER: in a bit
(48:15 / Allies) CEClL: tt
(48:32 / Allies) RAVEN_LOVER: no bats for the orc
(48:33 / Allies) RAVEN_LOVER: lulz
(48:38 / Allies) HereThereEveryw: l
(49:22 / All) RAVEN_LOVER: i like your army yellow
(49:28 / All) RAVEN_LOVER: just kidding it sucks
(49:30 / All) RAVEN_LOVER: you lose leave
(49:36 / All) CEClL: its also the last one you're going to ever see
(49:37 / All) crossea: L2P
(49:42 / All) RAVEN_LOVER: learn to play?
(49:43 / All) RAVEN_LOVER: I WON
(49:44 / All) RAVEN_LOVER: LOL
(49:48 / All) RAVEN_LOVER: YOU LEARN TO PLAY
(49:57 / All) CEClL: gg fat noobs
(50:01 / All) RAVEN_LOVER: LEAVE PLEASE YOU LOSE
(50:15 / All) crossea: UD POWA
(50:18 / All) RAVEN_LOVER: rofl
(50:22 / All) RAVEN_LOVER: undead nothing you lose
(50:28 / All) RAVEN_LOVER: gg quit
(50:53 / All) CEClL: how you beat towers?
(50:56 / All) CEClL: so easily?
(50:57 / All) CEClL: gg
(51:00 / All) HereThereEveryw: you hack?
(51:06 / All) CEClL: u hackers?
(51:06 / All) crossea: yap
(51:08 / All) CEClL: u win towers
(51:09 / All) RAVEN_LOVER: LOL!!!!
(51:10 / All) CEClL: how u win towers
(51:25 / All) RAVEN_LOVER: LOOKS LIKE I SPOKE TOO SOON GG YOU WIN PROS
(51:36 / All) RAVEN_LOVER: GEEGEE
(51:37 / All) RAVEN_LOVER: G
(51:38 / All) RAVEN_LOVER: G
(51:39 / All) RAVEN_LOVER: GG
(51:41 / All) crossea: GG
(51:42 / All) RAVEN_LOVER: YOU WIN
(51:46 / All) RAVEN_LOVER: LEAVE.
(51:51 / All) crossea: ...
(52:01 / All) RAVEN_LOVER: STOP WASTING MY TIME
(52:03 / All) RAVEN_LOVER: LEAVE
(52:23 / All) crossea: >8<
(53:11 / Allies) CEClL: heauheauheah
(53:22 / All) RAVEN_LOVER: id be more worried about your bases if i were you
(53:32 / All) crossea: it's ok
(53:36 / All) RAVEN_LOVER: whys that
(53:48 / All) crossea: it's fun
(53:54 / All) RAVEN_LOVER: losing is fun for you?
(53:56 / All) RAVEN_LOVER: cool
(53:59 / All) crossea: ya
(54:01 / All) RAVEN_LOVER: im glad you had fun losing
(54:04 / All) crossea: win too much
(54:22 / All) RAVEN_LOVER: do you like this map
(54:22 / All) RAVEN_LOVER: ?
(54:31 / All) RAVEN_LOVER: ?
(54:37 / All) RAVEN_LOVER: its my favorite map
(54:40 / All) RAVEN_LOVER: do you like it?
(54:42 / All) GK_ed: we like, but we hote you..
(54:53 / All) CEClL: shut up gok
(54:55 / All) CEClL: GOOOK
(55:00 / All) RAVEN_LOVER: you wont like it after this game :-)
(56:29 / Allies) RAVEN_LOVER: gotta b before sleep hits me
(56:32 / Allies) RAVEN_LOVER: ok brb 5 mins
(56:39 / Allies) CEClL: word
(58:39 / Allies) HereThereEveryw: hawk him for the lulz
(59:03 / All) crossea: XD
(63:52 / All) HereThereEveryw: pp
(66:00 / All) RAVEN_LOVER: you noobs still here?
(66:42 / Allies) RAVEN_LOVER: keith
(66:46 / Allies) CEClL: yeaH?
(66:46 / Allies) CEClL: :D
(66:48 / Allies) RAVEN_LOVER: start yo merc army babe
(66:53 / Allies) CEClL: rofl
(66:54 / Allies) CEClL: k
(67:12 / All) RAVEN_LOVER: you found where we are yet?
(67:17 / Allies) CEClL: they arent here
(67:18 / Allies) CEClL: ;/
(67:26 / Allies) CEClL: we attack and the units chase
(67:29 / Allies) CEClL: and die
(67:47 / Allies) CEClL: shall we?
(67:55 / Allies) RAVEN_LOVER: more mercs
(68:07 / Allies) RAVEN_LOVER: spend all yo gold no mistakes this time
(68:15 / Allies) CEClL: >;[
(69:00 / Allies) RAVEN_LOVER: the minimap is prettier without goldmines
(69:10 / Allies) CEClL: stupid blight!
(69:18 / Allies) CEClL: rofl
(69:19 / Allies) CEClL: ;3
(69:24 / Allies) RAVEN_LOVER: xd
(69:37 / Allies) CEClL: fuck
(69:37 / Allies) CEClL: lol
(69:40 / Allies) CEClL: send me 200 back
(69:45 / Allies) CEClL: pwease
(69:46 / Allies) CEClL: ahaeuheah
(70:48 / Allies) CEClL: soon?
(70:54 / Allies) RAVEN_LOVER: spend yo money
(71:20 / Allies) HereThereEveryw: LETS END IT
(71:25 / Allies) HereThereEveryw: I GOTT GO IN 10 MIN
(73:33 / All) RAVEN_LOVER: RAPED
(73:46 / All) CEClL: gg nerds